 Dungeon Crawl Stone Soup version 0.17-a0-1882-g750edc8 (webtiles) character file.

4517 derrpe the Spear-Bearer (level 10, -1/118 HPs)
             Began as a Merfolk Skald on Sept 22, 2015.
             Succumbed to a gnoll sergeant's poison
             ... on level 8 of the Dungeon.
             The game lasted 00:26:16 (9507 turns).

derrpe the Spear-Bearer (Merfolk Skald)             Turns: 9507, Time: 00:26:16

Health: -1/118     AC: 28    Str: 13      XL:     10   Next: 39%
Magic:  6/13       EV:  4    Int: 17      God:    Xom [......]
Gold:   490        SH:  0    Dex: 17 (18) Spells: 4 memorised, 5 levels left

rFire  . . .     SeeInvis +     i - +2 halberd (chop)
rCold  + . .     Clarity  .     (armour currently unavailable)
rNeg   + + +     SustAt   .     (no shield)
rPois  +         Gourm    .     (helmet currently unavailable)
rElec  .         Spirit   .     (cloak currently unavailable)
rCorr  +         Warding  .     (gloves currently unavailable)
rMut   .         NoTele   +     (boots currently unavailable)
MR     .....                    b - amulet of resist corrosion
Stlth  +++.......               z - ring of protection from cold
                                m - +3 ring of protection

@: agile, lethally poisoned (-1 -> -10), tree-form, singing (expiring),
regenerating (expiring), not resistant to hostile enchantments, fairly stealthy
A: (change form in water), (swift swim), (horns 0), repulsion field 1, (slimy
green scales 0), see invisible, blink, clever 1, deterioration 1, (shaggy fur
0), spit poison 1, subdued magic 1
a: Spit Poison, Blink, Renounce Religion, Stop Singing


You were on level 8 of the Dungeon.
You worshipped Xom.
You were a very special plaything of Xom.
You were not hungry.
You were a tree.
You visited 1 branch of the dungeon, and saw 8 of its levels.
You also visited: Sewer.

You collected 490 gold pieces.

Inventory:

Hand weapons
 i - a +2 halberd of chopping (weapon)
 n - the +3 falchion of Gallantry {venom, +Fly rF- Int+7 Dex+3}
   (You found it on level 4 of the Dungeon)

   It poisons the flesh of those it strikes.
   It affects your intelligence (+7).
   It affects your dexterity (+3).
   It makes you vulnerable to fire.
   It lets you fly.
 s - the +7 rapier "Tormentor" {holy, rF+ MP-9 Stlth+}
   (You found it on level 4 of the Dungeon)

   It has been blessed by the Shining One to cause great damage to the undead
   and demons.
   It protects you from fire.
   It affects your magic capacity (-9).
   It makes you more stealthy.
Armour
 q - a +0 cloak (melded)
 r - a +2 hat (melded)
 x - a +3 scale mail of fire resistance
 F - a +0 steam dragon armour (melded)
Jewellery
 b - an amulet of resist corrosion (around neck)
 m - a +3 ring of protection (left branch)
 z - a ring of protection from cold (right branch)
Magical devices
 o - a wand of lightning (4)
 p - a wand of random effects (40)
 t - a wand of fireball (1)
 w - a wand of fireball (4)
 y - a wand of magic darts (16)
 H - a wand of draining (0)
Scrolls
 e - 7 scrolls of identify
 h - a scroll of amnesia
 j - 4 scrolls of teleportation
 k - 2 scrolls of random uselessness {unknown}
 l - a scroll of remove curse
 B - a scroll of enchant weapon {unknown}
 C - a scroll of magic mapping {unknown}
Potions
 f - 2 potions of cancellation
 D - a potion of agility
Books
 c - a book of Battle

   Spells                             Type                      Level
   a - Infusion                       Charms                       1
   b - Shroud of Golubria             Charms/Translocation         2
   c - Song of Slaying                Charms                       2
   d - Spectral Weapon                Hexes/Charms                 3
   e - Regeneration                   Charms/Necromancy            3
 G - a book of Dreams

   Spells                             Type                      Level
   a - Ensorcelled Hibernation        Hexes/Ice                    2
   b - Phase Shift                    Translocation                5
   c - Shadow Creatures               Summoning                    5
   d - Silence                        Hexes/Air                    5
   e - Darkness                       Hexes                        6
   f - Mass Confusion                 Hexes                        6
Comestibles
 a - 9 chunks of flesh {@w0}
 d - 6 bread rations {@e1}
 g - 4 meat rations {@e2}
 u - 2 beef jerkies
 v - 3 slices of pizza


   Skills:
 + Level 7.3 Fighting
 * Level 13.2 Polearms
 - Level 0.6 Armour
 + Level 8.6 Dodging
 - Level 2.0 Spellcasting
 - Level 7.3 Charms
 - Level 1.2 Necromancy
 * Level 2.2 Translocations


You had 5 spell levels left.
You knew the following spells:

 Your Spells              Type           Power        Failure   Level  Hunger
a - Infusion              Chrm           ###...       1%          1    #......
b - Song of Slaying       Chrm           ###.....     1%          2    ###....
c - Shroud of Golubria    Chrm/Tloc      ##........   1%          2    ###....
d - Regeneration          Chrm/Necr      ##........   5%          3    ###....


Dungeon Overview and Level Annotations

Branches:
Dungeon (8/15)             Temple (0/1) D:5
   Lair: D:8-11

Altars:
Cheibriados
Dithmenos
Gozag
Kikubaaqudgha
Nemelex Xobeh
Sif Muna
Xom
Zin
The Shining One


Innate Abilities, Weirdness & Mutations

((You revert to your normal form in water.))
((You are very nimble and swift while swimming.))
((You have a pair of horns on your head.))
You are surrounded by a mild repulsion field (EV +2).
((You are partially covered in slimy green scales (AC +2).))
You have supernaturally acute eyesight.
You can translocate small distances at will.
Your mind is acute. (Int +2)
Your body sometimes deteriorates upon taking damage.
((You are covered in thick fur (AC +2).))
You can spit weak poison.
Your spells are a little easier to cast, but a little less powerful.


Message History

The bolt of negative energy hits the gnoll sergeant.
The gnoll sergeant is drained!
You kill the gnoll sergeant!
Evoking this partially-identified wand wasted a few charges.
Your skin is crawling a little less now.
* * * LOW HITPOINT WARNING * * *
You feel very sick.
The hobgoblin hits you but does no damage.
You barely miss the hobgoblin.
* * * LOW HITPOINT WARNING * * *
You feel sick.
Something unseen opens the large door.
The hobgoblin hits you but does no damage.
Found a leatherbound book.
Drink which item? (? for menu, Esc to quit)
Okay, then.
Unknown command.
You impale the hobgoblin!!
You kill the hobgoblin!
You die...
Xom is highly amused!

################
...'..)[).$./..
:')).g$.../..
#)########''
#$♣.# #...#
#.>.# P♣♣♣P#.).#
PPPPP#'''##
P♣PPP♣....♣♣♣♣P
..P♣P.....PP♣PP
..P.P.....P♣P♣P
...........(P)P


There were no monsters in sight!

Vanquished Creatures
  The ghost of Pikaro the Skirmisher, an average DrVM of Qazlal (D:4)
  Prince Ribbit (D:5)
  3 yaks (D:8)
  2 hungry ghosts (D:7)
  2 steam dragons
  Menkaure (D:6)
  Edmund (D:5)
  The ghost of CipHuK the Firebug, an average DEFE (D:3)
  Purgy (Sewer)
  An ice beast (D:5)
  An orc warrior (D:6)
  4 ogres
  A big kobold (D:8)
  A centaur (D:8)
  3 giant frogs
  A gnoll sergeant (D:8)
  2 scorpions
  A gnoll shaman (D:4)
  3 hounds
  3 crimson imps
  A jelly (D:6)
  Crazy Yiuf (D:2)
  Ijyb (D:4)
  2 orc priests
  2 centaur skeletons
  A giant frog skeleton (D:4)
  9 orc wizards
  4 worker ants
  2 iguanas
  A hound skeleton (D:8)
  Robin (D:3)
  10 gnolls
  6 adders
  3 oozes
  An adder skeleton (D:5)
  4 worms
  4 giant geckos
  13 orcs
  11 bats
  11 hobgoblins
  9 jackals
  12 kobolds
  7 quokkas
  6 ball pythons
  A ball python skeleton (D:3)
  4 giant cockroaches
  A giant gecko skeleton (D:5)
  A giant newt (D:2)
  24 goblins
  A jackal skeleton (D:6)
  6 rats
  A fire vortex (D:7)
195 creatures vanquished.

Vanquished Creatures (collateral kills)
  Maurice (D:8)
  3 yaks (D:8)
  A gnoll sergeant (D:8)
  2 giant frogs (D:8)
  A wyvern skeleton (D:8)
  A crimson imp (D:8)
  A hound (D:8)
  3 gnolls (D:8)
  A shadow imp (D:8)
  4 orcs
  3 goblins (D:4)
  A giant gecko (D:8)
22 creatures vanquished.

Vanquished Creatures (others)
  A worker ant (D:4)
1 creature vanquished.

Grand Total: 218 creatures vanquished

Notes
Turn   | Place    | Note
--------------------------------------------------------------
     0 | D:1      | derrpe the Merfolk Skald began the quest for the Orb.
     0 | D:1      | Reached XP level 1. HP: 16/16 MP: 3/3
   122 | D:1      | Reached XP level 2. HP: 20/22 MP: 0/5
   753 | D:2      | Learned a level 2 spell: Song of Slaying
   756 | D:2      | Learned a level 2 spell: Shroud of Golubria
  1166 | D:2      | Reached XP level 3. HP: 28/28 MP: 3/6
  1260 | D:2      | Reached skill level 4 in Polearms
  1477 | D:2      | Noticed Crazy Yiuf
  1490 | D:2      | Killed Crazy Yiuf
  1490 | D:2      | Reached XP level 4. HP: 12/34 MP: 0/7
  1885 | D:2      | Reached skill level 5 in Polearms
  2059 | D:3      | Noticed CipHuK's ghost (average DEFE)
  2075 | D:3      | HP: 1/34 [CipHuK's ghost/flame tongue (13)]
  2466 | D:3      | Found a snail-covered altar of Cheibriados.
  2542 | D:3      | Reached XP level 5. HP: 28/40 MP: 2/8
  3066 | D:3      | Found a faded altar to an unknown god.
  3113 | D:3      | Became a worshipper of Xom the Tricky
  3221 | D:3      | Reached skill level 6 in Polearms
  3281 | D:3      | XOM: harmless Summ miscast
  3368 | D:3      | XOM: divination: detect creatures
  3485 | D:3      | XOM: mild Conj miscast
  3496 | D:3      | Killed CipHuK's ghost
  3496 | D:3      | Reached XP level 6. HP: 38/47 MP: 3/9
  3540 | D:3      | Noticed Robin
  3585 | D:3      | Reached skill level 7 in Polearms
  3595 | D:3      | Killed Robin
  3750 | D:3      | XOM: give mutation
  3750 | D:3      | Gained mutation: You are partially covered in slimy green scales (AC +2). [Xom's mischief]
  3866 | D:4      | Found a sparkling altar of Nemelex Xobeh.
  3869 | D:4      | Got a polished falchion
  3870 | D:4      | Identified the +3 falchion of Gallantry {venom, +Fly rF- Int+7 Dex+3} (You found it on level 4 of the Dungeon)
  3965 | D:4      | Noticed a steam dragon
  3965 | D:4      | a hound changed into a steam dragon
  3965 | D:4      | XOM: polymorph hound -> steam dragon
  3971 | D:4      | XOM: mild Divn miscast
  3986 | D:4      | XOM: harmless Necr miscast
  3993 | D:4      | Killed a steam dragon
  3993 | D:4      | Reached XP level 7. HP: 7/53 MP: 6/10
  4144 | D:4      | XOM: harmless Tloc miscast
  4183 | D:4      | XOM is BORED!
  4183 | D:4      | XOM: noise
  4334 | D:4      | Noticed Pikaro's ghost (average DrVM)
  4349 | D:4      | XOM: cast spell 'Summon Small Mammal'
  4356 | D:4      | XOM: divination: detect items
  4372 | D:4      | Killed Pikaro's ghost
  4372 | D:4      | Reached skill level 8 in Polearms
  4372 | D:4      | Reached skill level 5 in Charms
  4402 | D:4      | XOM: divination: magic mapping
  4422 | D:4      | Noticed Ijyb
  4428 | D:4      | XOM: summons friendly white imp
  4439 | D:4      | XOM: divination: magic mapping
  4446 | D:4      | Killed Ijyb
  4710 | D:4      | XOM: divination: magic mapping
  4764 | D:4      | Got a shimmering rapier
  4765 | D:4      | Identified the +7 rapier "Tormentor" {holy, rF+ MP-9 Stlth+} (You found it on level 4 of the Dungeon)
  4862 | D:4      | XOM: divine lightning (protected)
  4886 | D:4      | Reached skill level 5 in Dodging
  4886 | D:4      | Reached XP level 8. HP: 51/61 MP: 11/11
  5028 | D:4      | XOM: butterfly on damage
  5053 | D:4      | Reached skill level 9 in Polearms
  5075 | D:4      | XOM: medium Erth miscast
  5539 | D:4      | Found a glowing golden altar of the Shining One.
  5636 | D:4      | Reached skill level 5 in Fighting
  6044 | D:5      | Entered Level 5 of the Dungeon
  6066 | D:5      | Noticed Edmund
  6079 | D:5      | Killed Edmund
  6107 | D:5      | Gained mutation: You can translocate small distances at will. [potion of mutation]
  6107 | D:5      | Gained mutation: Your spells are a little easier to cast, but a little less powerful. [potion of mutation]
  6107 | D:5      | Gained mutation: Your body sometimes deteriorates upon taking damage. [potion of mutation]
  6115 | D:5      | Found a staircase to the Ecumenical Temple.
  6157 | D:5      | Found a shadowy altar of Dithmenos.
  6164 | D:5      | XOM: polymorph jackal -> bat
  6173 | D:5      | XOM: give mutations
  6173 | D:5      | Gained mutation: You have supernaturally acute eyesight. [Xom's grace]
  6173 | D:5      | Gained mutation: You can spit weak poison. [Xom's grace]
  6211 | D:5      | Learned a level 3 spell: Regeneration
  6280 | D:5      | XOM: give mutations
  6280 | D:5      | Gained mutation: You are covered in fur (AC +1). [Xom's grace]
  6280 | D:5      | Gained mutation: You are surrounded by a mild repulsion field (EV +2). [Xom's grace]
  6280 | D:5      | Gained mutation: You have a pair of small horns on your head. [Xom's grace]
  6280 | D:5      | Gained mutation: You are covered in thick fur (AC +2). [Xom's grace]
  6310 | D:5      | Reached skill level 10 in Polearms
  6453 | D:5      | XOM: god gift: thick ruby amulet {god gift}
  6557 | D:5      | Found an ancient bone altar of Kikubaaqudgha.
  6652 | D:5      | Noticed Prince Ribbit
  6653 | D:5      | XOM: summons 5 friendly demons
  6662 | D:5      | XOM: confuse monster(s)
  6673 | D:5      | Killed Prince Ribbit
  6798 | D:5      | Found a deep blue altar of Sif Muna.
  6839 | D:5      | XOM: 6-stop teleportation journey
  6958 | D:6      | Noticed Menkaure
  6985 | D:6      | Reached XP level 9. HP: 67/69 MP: 12/12
  6999 | D:6      | XOM: potion effect (might)
  7020 | D:6      | Found a glowing drain.
  7033 | D:6      | Reached skill level 11 in Polearms
  7041 | Sewer    | Entered a sewer
  7042 | Sewer    | Gained mutation: You possess an exceptional clarity of mind. [potion of mutation]
  7089 | Sewer    | XOM: divination: magic mapping
  7105 | Sewer    | Noticed Purgy
  7108 | Sewer    | XOM: divination: detect creatures
  7118 | Sewer    | Killed Purgy
  7338 | D:6      | Gained mutation: You have a pair of horns on your head. [potion of mutation]
  7338 | D:6      | Gained mutation: Your mind is acute. (Int +2) [potion of mutation]
  7343 | D:6      | Killed Menkaure
  7717 | D:6      | XOM: potion effect (curing)
  8083 | D:7      | XOM: harmless Air miscast
  8100 | D:7      | Lost mutation: You possess an exceptional clarity of mind. [potion of mutation]
  8131 | D:7      | Reached skill level 12 in Polearms
  8190 | D:7      | Found a glowing silver altar of Zin.
  8362 | D:7      | XOM: harmless Chrm miscast
  8396 | D:7      | XOM: potion effect (berserk rage)
  8579 | D:7      | Reached skill level 1 in Necromancy
  8630 | D:7      | XOM: mild Fire miscast
  9148 | D:8      | XOM: harmless Divn miscast
  9152 | D:8      | Reached XP level 10. HP: 62/77 MP: 13/13
  9207 | D:8      | Noticed Maurice
  9218 | D:8      | Killed Maurice
  9218 | D:8      | Reached skill level 1 in Translocations
  9269 | D:8      | Reached skill level 13 in Polearms
  9391 | D:8      | Found an opulent altar of Gozag.
  9504 | D:8      | HP: 5/118 [poisoned by a gnoll sergeant]
  9505 | D:8      | HP: 2/118 [poisoned by a gnoll sergeant]
  9507 | D:8      | Succumbed to a gnoll sergeant's poison

Vault maps used:
D:1:      lightli_arrival_lavapool, roderic_serpentine_path
D:2:      hangedman_feature_mirror, uniq_crazy_yiuf_cottage
D:3:      kennysheep_goblin_castle, cheibriados_altar_1, ecumenical_altar_1
D:4:      kennysheep_the_goblin_king, overflow_temple_1_default, kennysheep_mini
D:5:      nicolae_overflow_hidden_temple, lemuel_doored_altar,
          nicolae_dithmenos_shadow_blocks, temple_doors_e, first_bread,
          uniq_prince_ribbit1, uniq_edmund
D:6:      portal_sewer_entry_a, kennysheep_generic_room_14, uniq_menkaure
D:7:      kennysheep_mini_moat
D:8:      kennysheep_housing_project, hangedman_little_slice_of_home,
          grunt_gozag_statues, uniq_maurice
Sewer:    sewer_the_crocodile

Action                   |  1- 3 |  4- 6 |  7- 9 | 10-12 || total
-------------------------+-------+-------+-------+-------++-------
Melee: Spear             |    96 |   237 |   133 |       ||   466
       Halberd           |       |       |   268 |    75 ||   343
 Cast: Infusion          |    10 |     5 |     2 |       ||    17
       Shroud of Golubri |     1 |     2 |     3 |     1 ||     7
       Song of Slaying   |       |     1 |     2 |     1 ||     4
       Regeneration      |       |       |       |     2 ||     2
Evoke: Wand              |       |     2 |     5 |     4 ||    11
  Use: Scroll            |       |     5 |     8 |       ||    13
       Potion            |       |     7 |     6 |     3 ||    16
 Stab: Distracted        |       |     1 |     1 |       ||     2
       Confused          |       |       |     1 |       ||     1
  Eat: Chunk             |     2 |     7 |    17 |     1 ||    27
       Beef jerky        |       |     1 |     1 |       ||     2
       Meat ration       |       |       |     1 |       ||     1
